 Dungeon Crawl Stone Soup version 0.18-a0-1643-gb89d9db (webtiles) character file.

169 M4edhros the Shield-Bearer (level 5, -1/36 HPs)
             Began as an Octopode Fighter on Mar 29, 2016.
             Slain by bl4d3's ghost (14 damage)
             ... on level 4 of the Dungeon.
             The game lasted 00:02:27 (2312 turns).

M4edhros the Shield-Bearer (Octopode Fighter)       Turns: 2312, Time: 00:02:28

Health: -1/36      AC:  1    Str: 25    XL:     5   Next: 50%
Magic:  5/5        EV: 11    Int: 10    God:
Gold:   112        SH: 10    Dex: 12    Spells: 0 memorised, 4 levels left

rFire  . . .     SeeInvis .     a - +0 trident
rCold  . . .     Gourm    .     b - +0 shield
rNeg   . . .     Faith    .     (helmet restricted)
rPois  .         Spirit   .     (no amulet)
rElec  .         Dismiss  .     m - +4 ring of strength
rCorr  .         Reflect  .     (no ring)
SustAt .         Harm     .     (no ring)
MR     .....                    (no ring)
Stlth  +++.......               (no ring)
                                (no ring)
                                (no ring)
                                (no ring)

@: mighty, not resistant to hostile enchantments, fairly stealthy
A: almost no armour, amphibious, 8 rings, constrict 8, camouflage 1, gelatinous
body 1
a: no special abilities


You were on level 4 of the Dungeon.
You were not hungry.

You visited 1 branch of the dungeon, and saw 4 of its levels.

You collected 112 gold pieces.

Inventory:

Hand Weapons
 a - a +0 trident (weapon)
 i - a +0 hunting sling
Missiles
 g - 42 sling bullets
 p - 54 stones (quivered)
 s - 2 javelins
Armour
 b - a +0 shield (worn)
Jewellery
 m - a +4 ring of strength (left tentacle)
 u - a +4 ring of strength
Wands
 t - a wand of flame (22/48)
Scrolls
 e - a scroll of remove curse
 n - a scroll of fear {unknown}
 q - 2 scrolls of teleportation {unknown}
 r - 2 scrolls of identify {unknown}
 v - a scroll of amnesia
Potions
 c - a potion of might
 h - a potion of resistance {unknown}
 k - a potion of berserk rage {unknown}
Comestibles
 d - 5 bread rations
 f - a beef jerky
 j - 3 fruits
 l - 2 meat rations
 o - a slice of pizza
 w - 2 chunks of flesh


   Skills:
 - Level 3.0 Fighting
 + Level 3.0 Polearms
 + Level 1.7 Slings
 + Level 3.9 Dodging
 + Level 2.0 Stealth
 + Level 4.0 Shields


You had 4 spell levels left.
You didn't know any spells.

Dungeon Overview and Level Annotations

Branches:
Dungeon (4/15)
 Temple: D:4-7

Altars:

Annotations:
D:4 bl4d3's ghost, amateur TrMo


Innate Abilities, Weirdness & Mutations

You cannot wear most types of armour.
You are amphibious.
You can wear up to eight rings at the same time.
You can use your tentacles to constrict eight enemies at once.
Your skin changes colour to match your surroundings (Stealth).
Your rubbery body absorbs attacks (AC +1).


Message History

You puncture the orc!
You kill the orc!
You block the giant cockroach's attack. You block bl4d3's ghost's attack.
The giant cockroach barely misses you.
You see here an enchanted short sword.
You barely miss bl4d3's ghost.
You squeeze bl4d3's ghost, but do no damage.
Bl4d3's ghost shouts, "Very impressive.
But it won't help.
Nothing will."
You block bl4d3's ghost's attack.
You hit bl4d3's ghost. You squeeze bl4d3's ghost.
Bl4d3's ghost is lightly damaged.
You block bl4d3's ghost's attack.
You hit bl4d3's ghost.
Bl4d3's ghost is moderately damaged.
Bl4d3's ghost hits you!!
Ouch! That really hurt!
You closely miss bl4d3's ghost. Your squeeze misses bl4d3's ghost.
Bl4d3's ghost is moderately damaged.
Bl4d3's ghost hits you!
You die...

#.....########
#.....##.....#
#.....##.....#
#.....#......# #######
#............# ....... #
#........##### ....... #
#........# #....... #
#...)..o#######....... #
#.....#...##.@Ws......
####.....###....##.......
...........#.......######
#...##.##..........#
#.####o##..#.##....####
..##...###......##....#
####.#####..######..#.....
#...# #....# ##.# ####
##.####..##.# #.#


You could see bl4d3's ghost and a giant cockroach.

Vanquished Creatures
  An orc priest (D:4)
  A howler monkey skeleton (D:4)
  3 gnolls (D:2)
  2 adders
  2 worms
  4 giant geckos
  5 orcs
  6 giant cockroaches
  9 goblins
  4 hobgoblins
  6 jackals
  2 ball pythons
  5 bats (D:1)
  7 kobolds
  9 rats
66 creatures vanquished.

Notes
Turn   | Place    | Note
--------------------------------------------------------------
     0 | D:1      | M4edhros the Octopode Fighter began the quest for the Orb.
     0 | D:1      | Reached XP level 1. HP: 16/16 MP: 1/1
   137 | D:1      | Reached XP level 2. HP: 17/21 MP: 2/2
   431 | D:1      | Reached XP level 3. HP: 21/26 MP: 3/3
   830 | D:2      | Reached skill level 1 in Slings
   875 | D:2      | Reached skill level 1 in Stealth
   917 | D:2      | Reached XP level 4. HP: 22/31 MP: 4/4
  1779 | D:4      | Noticed bl4d3's ghost (amateur TrMo)
  1815 | D:4      | Reached XP level 5. HP: 36/36 MP: 5/5
  1825 | D:4      | Reached skill level 4 in Shields
  2312 | D:4      | Slain by bl4d3's ghost

Vault maps used:
D:1:      eino_arrival_cavern_a, serial_curves, eino_curves_03, eino_curves_01
D:2:      first_bread
D:4:      kennysheep_crisscross, grunt_ministairs_9, hangedman_decor_slide_cut

Skill      XL: |  1  2  3  4  5 |
---------------+----------------+-----
Slings         | 1 |  1.7
Stealth        | 1 2 |  2.0
Shields        | 4 |  4.0
Polearms       | 3 |  3.0
Fighting       | |  3.0
Dodging        | |  3.9

Action                   |  1- 3 |  4- 6 || total
-------------------------+-------+-------++-------
Melee: Trident           |    82 |    65 ||   147
  Use: Scroll            |       |     4 ||     4
       Potion            |       |     1 ||     1
 Stab: Sleeping          |     9 |     4 ||    13
       Distracted        |       |     1 ||     1
  Eat: Chunk             |       |     2 ||     2
       Meat ration       |       |     1 ||     1
